Flyers vs Coyotes

Created - 23 mars 2016 at 23:39

Goals
1 2 3 T
Flyers 0 4 3 7
Coyotes 1 0 1 2
Shots
1 2 3 T
Flyers 12 18 8 38
Coyotes 7 10 9 26

1st period

1. Coyotes , Kyle Okposo 6 (Sergei Samsonov, Éric Belanger) at 13:06

Penalties :
Dany Heatley (Phi) for Tripping (Minor) at 10:51

2nd period

2. Flyers , Georges Laraque 7 (Kyle Wellwood, Jeff Woywitka) at 1:54 (PP)
3. Flyers , Alexei Morozov 26 (Jeff Woywitka, Jonathan Ericsson) at 9:15 (PP)
4. Flyers , Jonathan Ericsson 5 (Patrick Marleau, Alexei Morozov) at 10:41 (PP)
5. Flyers , Kyle Wellwood 26 (Pavel Kubina, Dave Tanabe) at 14:16

Penalties :
Erik Cole (Ari) for Interference (Minor) at 0:54, Dave Tanabe (Phi) for Hooking (Minor) at 5:25, Adrian Aucoin (Ari) for Elbowing (Minor) at 8:58, Tim Connolly (Ari) for Holding (Minor) at 10:25, Dave Tanabe (Phi) for Interference (Minor) at 11:17, Dave Tanabe (Phi) for Cross-checking (Minor) at 16:04

3rd period

6. Flyers , Georges Laraque 8 (Kyle Wellwood, Dany Heatley) at 5:04 (PP)
7. Flyers , Jeff Carter 32 (Jeff Woywitka, Alexei Morozov) at 5:24
8. Coyotes , Tim Connolly 31 (Eric Brewer, Erik Cole) at 5:36
9. Flyers , Jeff Carter 33 (Kyle McLaren, Georges Laraque) at 9:27

Penalties :
Eric Brewer (Ari) for Hooking (Minor) at 4:17, Adrian Aucoin (Ari) for Fighting (Major) at 5:07, Jonathan Ericsson (Phi) for Fighting (Major) at 5:07, Éric Belanger (Ari) for Fighting (Major) at 10:24, Dave Tanabe (Phi) for Fighting (Major) at 10:24, Wade Redden (Ari) for Fighting (Major) at 10:29, Jeff Woywitka (Phi) for Fighting (Major) at 10:29, Georges Laraque (Phi) for Holding Stick (Minor) at 12:13, Eric Brewer (Ari) for Fighting (Major) at 19:00, Jeff O'Neill (Phi) for Fighting (Major) at 19:00

Goalie Stats

Viktor Fasth (Phi), 24 saves from 26 shots - (0,923), W, 30-22-4, 60:00 minutes
Marc Denis (Ari), 31 saves from 38 shots - (0,816), L, 2-3-0, 60:00 minutes

Players Stats for Flyers

Player Name              G  A  P  +/- PIM S  H  SB GA TA FO     MP     PP MP  PK MP  
------------------------------------------------------------------------------------
Alexei Morozov           1  2  3   1  0   7  0  0  3  0  0/0    18:37   1:22   2:06 
Cory Sarich              0  0  0   0  0   1  0  0  0  0  0/0    15:05   0:00   0:44 
Dany Heatley             0  1  1  -1  2   3  1  0  2  0  1/2    18:10   0:58   3:26 
Dave Tanabe              0  1  1   1  11  2  2  0  1  0  0/0    16:25   0:21   1:16 
Georges Laraque          2  1  3   0  2   4  1  1  0  0  0/0    14:53   0:58   0:00 
James Wisniewski         0  0  0   0  0   0  0  0  0  0  0/0     5:22   0:00   1:28 
Jeff Carter              2  0  2   1  0   5  0  0  0  0  16/34  21:56   1:22   4:45 
Jeff O'Neill             0  0  0   0  5   0  2  0  0  0  7/9    14:04   0:00   2:32 
Jeff Woywitka            0  3  3   0  5   1  3  1  0  1  0/0    26:57   1:59   4:12 
Jonathan Ericsson        1  1  2   0  5   2  2  2  0  0  0/0    24:24   1:59   5:29 
Kyle McLaren             0  1  1   0  0   0  0  2  0  0  0/0    13:05   0:00   2:55 
Kyle Wellwood            1  2  3   0  0   2  2  1  0  0  6/10   15:49   0:58   0:55 
Loui Eriksson            0  0  0   0  0   1  1  0  0  0  0/0    12:24   0:00   0:00 
Matthew Lombardi         0  0  0   0  0   0  1  0  0  0  1/1     6:53   0:00   0:09 
Mike York                0  0  0   1  0   3  1  0  1  0  0/0    14:05   0:00   1:05 
Patrick Marleau          0  1  1   1  0   4  2  1  0  1  6/8    25:55   1:22   4:49 
Pavel Kubina             0  1  1   1  0   3  0  1  0  1  0/0    18:59   0:21   3:46 
Rostislav Olesz          0  0  0   0  0   0  0  0  0  0  0/1     6:53   0:00   0:03 

Players Stats for Coyotes

Player Name              G  A  P  +/- PIM S  H  SB GA TA FO     MP     PP MP  PK MP  
------------------------------------------------------------------------------------
Adrian Aucoin            0  0  0   0  7   1  3  0  0  0  0/0    17:50   4:49   0:34 
Anton Stralman           0  0  0  -1  0   0  1  0  1  0  0/0    15:28   1:15   0:00 
Chad Larose              0  0  0   0  0   2  8  1  0  1  0/0    19:20   4:55   0:19 
Chris Neil               0  0  0  -1  0   0  0  0  0  0  0/0     6:44   0:49   0:00 
Éric Belanger            0  1  1   0  5   1  2  1  1  2  2/5    12:18   0:43   0:00 
Eric Brewer              0  1  1   0  7   1  2  0  0  2  0/0    24:14   5:13   0:59 
Erik Christensen         0  0  0   0  0   2  1  0  1  0  3/12   18:25   4:55   0:00 
Erik Cole                0  1  1   0  2   3  2  0  0  0  0/1    20:14   4:11   0:00 
Jan Hlavac               0  0  0  -1  0   0  0  1  0  0  0/1     8:14   0:18   0:35 
Josh Gorges              0  0  0  -1  0   0  0  0  0  1  0/0    20:05   4:35   0:34 
Kyle Okposo              1  0  1   0  0   2  1  1  0  0  0/0    12:26   0:00   0:00 
Marian Gaborik           0  0  0  -1  0   4  1  0  0  1  6/10   26:07   4:11   2:01 
Matt Taormina            0  0  0   0  0   0  0  0  0  0  0/0     4:39   0:00   0:47 
Sergei Samsonov          0  1  1   0  0   2  2  0  0  0  1/1    13:24   0:33   0:00 
T.J. Fast                0  0  0   0  0   0  1  0  0  0  0/0    12:02   0:07   0:00 
Tim Connolly             1  0  1   0  2   4  0  0  0  0  16/35  21:57   4:12   1:45 
Tyler Ennis              0  0  0   0  0   2  2  0  0  0  0/0    18:28   4:58   0:00 
Wade Redden              0  0  0   0  5   2  0  0  0  0  0/0    25:37   3:51   1:46 

3 Stars

1 - Kyle Wellwood (Phi)
2 - Georges Laraque (Phi)
3 - Alexei Morozov (Phi)

Power Play

Flyers - 4 on 4 Attempt(s) - 100,00%
Coyotes - 0 on 5 Attempt(s) - 0,00%

Penalty Kill

Flyers - 5 on 5 Attempt(s) - 100,00% - Score 0 goal in Penalty Kill
Coyotes - 0 on 4 Attempt(s) - 0,00% - Score 0 goal in Penalty Kill

Team Stat

Flyers - Hits : 18 - Faceoff Wins : 37 - Blocked Shots : 9 - Penalty Minutes : 30
Coyotes - Hits : 26 - Faceoff Wins : 28 - Blocked Shots : 4 - Penalty Minutes : 28

Official

Referees : Rooney Chris and Marouelli Dan
Linesman : Shane Heyer and Brian Murphy

Game Notes

Adrian Aucoin and Jonathan Ericsson fight to a draw at 5:07 of 3rd period
Éric Belanger and Dave Tanabe fight to a draw at 10:24 of 3rd period
Wade Redden and Jeff Woywitka fight to a draw at 10:29 of 3rd period
Eric Brewer and Jeff O'Neill fight to a draw at 19:00 of 3rd period

Finance

Level 1 -- Attendance: 4334 (72,23%) -- Ticket Income 390 060 $
Level 2 -- Attendance: 4788 (95,76%) -- Ticket Income 248 976 $
Level 3 -- Attendance: 1778 (88,90%) -- Ticket Income 56 896 $
Level 4 -- Attendance: 3648 (91,20%) -- Ticket Income 80 256 $
Luxury Box -- Attendance: 671 (67,10%) -- Ticket Income 124 135 $
Game was played at the The Pack Center.
Total Attendance: 15219 (84,55%)
Total Ticket Income: 900 323 $
Other Income: 135 048 $
Total Income: 1 035 371 $

Flyers

5 vs 5 Forward 
   Center                   Left Wing                Right Wing               Time % Phy DF OF 
 1 Jeff Carter              Patrick Marleau          Alexei Morozov           40     1   2  2  
 2 Kyle Wellwood            Dany Heatley             Georges Laraque          30     1   2  2  
 3 Jeff O'Neill             Mike York                Loui Eriksson            20     1   2  2  
 4 Matthew Lombardi         Rostislav Olesz          Patrick Marleau          10     1   2  2  

5 vs 5 Defense 
   Defense                  Defense                                           Time % Phy DF OF 
 1 Jeff Woywitka            Jonathan Ericsson                                 40     1   2  2  
 2 Dave Tanabe              Pavel Kubina                                      30     1   2  2  
 3 Cory Sarich              Kyle McLaren                                      20     1   2  2  
 4 James Wisniewski         Jeff Woywitka                                     10     1   2  2  

PowerPlay Forward 
   Center                   Left Wing                Right Wing               Time % Phy DF OF 
 1 Jeff Carter              Patrick Marleau          Alexei Morozov           60     1   2  2  
 2 Kyle Wellwood            Dany Heatley             Georges Laraque          40     1   2  2  

PowerPlay Defense
   Defense                  Defense                                           Time % Phy DF OF 
 1 Jeff Woywitka            Jonathan Ericsson                                 60     1   2  2  
 2 Dave Tanabe              Pavel Kubina                                      40     1   2  2  

Penalty Kill 4 Players Forward 
   Center                   Wing                     Time % Phy DF OF 
 1 Patrick Marleau          Jeff Carter              60     1   2  2  
 2 Dany Heatley             Alexei Morozov           40     1   2  2  

Penalty Kill 4 Players Defense
   Defense                  Defense                  Time % Phy DF OF 
 1 Jeff Woywitka            Jonathan Ericsson        60     1   2  2  
 2 Dave Tanabe              Pavel Kubina             40     1   2  2  

Penalty Kill - 3 Players Forward 
   Forward                                           Time % Phy DF OF 
 1 Patrick Marleau                                   60     1   2  2  
 2 Jeff Carter                                       40     1   2  2  

Penalty Kill - 3 Players Defense
   Defense                  Defense                  Time % Phy DF OF 
 1 Jeff Woywitka            Jonathan Ericsson        60     1   2  2  
 2 Dave Tanabe              Pavel Kubina             40     1   2  2  

4 vs 4 Forward 
   Center                   Wing                     Time % Phy DF OF 
 1 Patrick Marleau          Jeff Carter              60     1   2  2  
 2 Dany Heatley             Alexei Morozov           40     1   2  2  

4 vs 4 Defense
   Defense                  Defense                  Time % Phy DF OF 
 1 Jeff Woywitka            Jonathan Ericsson        60     1   2  2  
 2 Dave Tanabe              Pavel Kubina             40     1   2  2  

Last Minutes Offensive
   Center                   Left Wing                Right Wing               Defense                  Defense                  
   Jeff Carter              Patrick Marleau          Alexei Morozov           Jeff Woywitka            Jonathan Ericsson        

Last Minutes Defensive
   Center                   Left Wing                Right Wing               Defense                  Defense                  
   Jeff Carter              Patrick Marleau          Alexei Morozov           Jeff Woywitka            Jonathan Ericsson        

Goaltenders
Starting : Viktor Fasth             
Backup : Cory Schneider           

Extra Forwards
Normal : Mike York, Loui Eriksson, Jeff O'Neill - PP : Mike York, Loui Eriksson - PK : Jeff O'Neill
Extra Defensemen
Normal : Cory Sarich, Kyle McLaren, James Wisniewski - PP : Cory Sarich - PK : Kyle McLaren, James Wisniewski
Penalty Shots
Patrick Marleau, Jeff Carter, Dany Heatley, Alexei Morozov, Kyle Wellwood

Coyotes

5 vs 5 Forward 
   Center                   Left Wing                Right Wing               Time % Phy DF OF 
 1 Tim Connolly             Erik Cole                Marian Gaborik           40     1   2  2  
 2 Erik Christensen         Tyler Ennis              Chad Larose              30     1   2  2  
 3 Éric Belanger            Sergei Samsonov          Kyle Okposo              20     1   2  2  
 4 Marian Gaborik           Jan Hlavac               Chris Neil               10     1   2  2  

5 vs 5 Defense 
   Defense                  Defense                                           Time % Phy DF OF 
 1 Wade Redden              Eric Brewer                                       40     1   2  2  
 2 Josh Gorges              Adrian Aucoin                                     30     1   2  2  
 3 Anton Stralman           T.J. Fast                                         20     1   2  2  
 4 Matt Taormina            Wade Redden                                       10     1   2  2  

PowerPlay Forward 
   Center                   Left Wing                Right Wing               Time % Phy DF OF 
 1 Tim Connolly             Erik Cole                Marian Gaborik           60     1   2  2  
 2 Erik Christensen         Tyler Ennis              Chad Larose              40     1   2  2  

PowerPlay Defense
   Defense                  Defense                                           Time % Phy DF OF 
 1 Wade Redden              Eric Brewer                                       60     1   2  2  
 2 Josh Gorges              Adrian Aucoin                                     40     1   2  2  

Penalty Kill 4 Players Forward 
   Center                   Wing                     Time % Phy DF OF 
 1 Marian Gaborik           Tim Connolly             60     1   2  2  
 2 Chad Larose              Erik Cole                40     1   2  2  

Penalty Kill 4 Players Defense
   Defense                  Defense                  Time % Phy DF OF 
 1 Wade Redden              Eric Brewer              60     1   2  2  
 2 Josh Gorges              Adrian Aucoin            40     1   2  2  

Penalty Kill - 3 Players Forward 
   Forward                                           Time % Phy DF OF 
 1 Marian Gaborik                                    60     1   2  2  
 2 Tim Connolly                                      40     1   2  2  

Penalty Kill - 3 Players Defense
   Defense                  Defense                  Time % Phy DF OF 
 1 Wade Redden              Eric Brewer              60     1   2  2  
 2 Josh Gorges              Adrian Aucoin            40     1   2  2  

4 vs 4 Forward 
   Center                   Wing                     Time % Phy DF OF 
 1 Marian Gaborik           Tim Connolly             60     1   2  2  
 2 Chad Larose              Erik Cole                40     1   2  2  

4 vs 4 Defense
   Defense                  Defense                  Time % Phy DF OF 
 1 Wade Redden              Eric Brewer              60     1   2  2  
 2 Josh Gorges              Adrian Aucoin            40     1   2  2  

Last Minutes Offensive
   Center                   Left Wing                Right Wing               Defense                  Defense                  
   Tim Connolly             Erik Cole                Marian Gaborik           Wade Redden              Eric Brewer              

Last Minutes Defensive
   Center                   Left Wing                Right Wing               Defense                  Defense                  
   Tim Connolly             Erik Cole                Marian Gaborik           Wade Redden              Eric Brewer              

Goaltenders
Starting : Marc Denis               
Backup : Ryan Miller              

Extra Forwards
Normal : Sergei Samsonov, Éric Belanger, Jan Hlavac - PP : Sergei Samsonov, Éric Belanger - PK : Jan Hlavac
Extra Defensemen
Normal : Anton Stralman, T.J. Fast, Matt Taormina - PP : Anton Stralman - PK : T.J. Fast, Matt Taormina
Penalty Shots
Marian Gaborik, Tim Connolly, Chad Larose, Erik Cole, Tyler Ennis

% Time on Ice - Flyers

Lines # - Real PCT - Wanted PCT - Time Play
Normal Forward
1 - 33% - 40% - 15:39
2 - 29% - 30% - 13:50
3 - 24% - 20% - 11:32
4 - 14% - 10% - 6:44
Normal Defense
1 - 42% - 40% - 20:07
2 - 32% - 30% - 15:21
3 - 19% - 20% - 8:52
4 - 7% - 10% - 3:25
PP Forward
1 - 59% - 60% - 1:22
2 - 41% - 40% - 0:58
PP Defense
1 - 85% - 60% - 1:59
2 - 15% - 40% - 0:21
PK Forward
1 - 76% - 60% - 7:30
2 - 24% - 40% - 2:25
PK Defense
1 - 55% - 60% - 5:29
2 - 45% - 40% - 4:26
PK3 Forward
1 - 0% - 60%
2 - 0% - 40%
PK3 Defense
1 - 0% - 60%
2 - 0% - 40%
44 Forward
1 - 0% - 60%
2 - 0% - 40%
44 Defense
1 - 0% - 60%
2 - 0% - 40%
Last Minute Offensive  - 0:00
Last Minute Defensive  - 0:00
Total
Forward - 60:00
Defense - 60:00

% Time on Ice - Coyotes

Lines # - Real PCT - Wanted PCT - Time Play
Normal Forward
1 - 34% - 40% - 16:04
2 - 28% - 30% - 13:30
3 - 26% - 20% - 12:23
4 - 12% - 10% - 5:48
Normal Defense
1 - 40% - 40% - 19:10
2 - 31% - 30% - 14:56
3 - 20% - 20% - 9:47
4 - 8% - 10% - 3:52
PP Forward
1 - 46% - 60% - 4:32
2 - 54% - 40% - 5:23
PP Defense
1 - 54% - 60% - 5:20
2 - 46% - 40% - 4:35
PK Forward
1 - 86% - 60% - 2:01
2 - 14% - 40% - 0:19
PK Defense
1 - 76% - 60% - 1:46
2 - 24% - 40% - 0:34
PK3 Forward
1 - 0% - 60%
2 - 0% - 40%
PK3 Defense
1 - 0% - 60%
2 - 0% - 40%
44 Forward
1 - 0% - 60%
2 - 0% - 40%
44 Defense
1 - 0% - 60%
2 - 0% - 40%
Last Minute Offensive  - 0:00
Last Minute Defensive  - 0:00
Total
Forward - 60:00
Defense - 60:00

Play by Play

1st period


0:01 of 1st period - Tim Connolly wins face-off versus Jeff Carter in neutral zone.
0:10 of 1st period - Backhand shot by Marian Gaborik.
0:10 of 1st period - Stopped by Viktor Fasth with a rebound.
0:26 of 1st period - Georges Laraque is hit by Tyler Ennis and loses puck.
0:35 of 1st period - Dany Heatley is hit by Chad Larose.
0:39 of 1st period - Wrist shot by Erik Christensen.
0:39 of 1st period - Deflect By Chad Larose.
0:39 of 1st period - Stopped by Viktor Fasth with a rebound.
1:13 of 1st period - Off-side.
1:14 of 1st period - Erik Christensen wins face-off versus Kyle Wellwood in neutral zone.
1:39 of 1st period - Patrick Marleau is hit by T.J. Fast and loses puck.
2:00 of 1st period - Wrist shot by Éric Belanger.
2:00 of 1st period - Shot Misses the Net.
3:46 of 1st period - Josh Gorges is hit by Jeff Woywitka and loses puck.
4:09 of 1st period - Éric Belanger is hit by Mike York.
4:21 of 1st period - Wrist shot by Marian Gaborik.
4:21 of 1st period - Shot Misses the Net.
5:08 of 1st period - Jeff Woywitka is hit by Éric Belanger and loses puck.
5:54 of 1st period - Patrick Marleau is hit by Chad Larose and loses puck.
6:38 of 1st period - Wrist shot by Kyle Wellwood.
6:38 of 1st period - Stopped by Marc Denis with a rebound.
7:48 of 1st period - Adrian Aucoin is hit by Jeff O'Neill.
10:24 of 1st period - Icing by Rostislav Olesz.
10:25 of 1st period - Tim Connolly wins face-off versus Rostislav Olesz in Flyers zone.
10:26 of 1st period - Snap shot by Erik Cole.
10:26 of 1st period - Deflect By Matthew Lombardi.
10:26 of 1st period - Stopped by Viktor Fasth with a rebound.
10:28 of 1st period - Snap shot by Tim Connolly.
10:28 of 1st period - Stopped by Viktor Fasth with a rebound.
10:30 of 1st period - Slapshot by Tim Connolly.
10:30 of 1st period - Shot Blocked by Jonathan Ericsson.
10:32 of 1st period - Snap shot by Marian Gaborik.
10:32 of 1st period - Shot Misses the Net.
10:51 of 1st period - Minor Penalty to Dany Heatley for Tripping.
10:52 of 1st period - Patrick Marleau wins face-off versus Marian Gaborik in Flyers zone.
11:00 of 1st period - Wrist shot by Tim Connolly.
11:00 of 1st period - Shot Blocked by Patrick Marleau.
11:17 of 1st period - Jeff Carter is hit by Chad Larose and loses puck.
11:27 of 1st period - Snap shot by Patrick Marleau.
11:27 of 1st period - Stopped by Marc Denis with a rebound.
11:45 of 1st period - Wrist shot by Patrick Marleau.
11:45 of 1st period - Shot Blocked by Chad Larose.
11:47 of 1st period - Slapshot by Pavel Kubina.
11:47 of 1st period - Shot Misses the Net.
11:49 of 1st period - Slapshot by Jeff Carter.
11:49 of 1st period - Shot Misses the Net.
11:51 of 1st period - Slapshot by Patrick Marleau.
11:51 of 1st period - Shot Misses the Net.
11:53 of 1st period - Backhand shot by Pavel Kubina.
11:53 of 1st period - Stopped by Marc Denis without a rebound.
11:54 of 1st period - Tim Connolly wins face-off versus Jeff O'Neill in Coyotes zone.
12:51 of 1st period - Penalty to Dany Heatley is over, Dany Heatley is back on ice.
13:00 of 1st period - Slapshot by Sergei Samsonov.
13:00 of 1st period - Deflect By Kyle Okposo.
13:00 of 1st period - Shot Blocked by Pavel Kubina.
13:00 of 1st period - Puck is out of play.
13:01 of 1st period - Éric Belanger wins face-off versus Kyle Wellwood in Flyers zone.
13:06 of 1st period - Slapshot by Kyle Okposo.
13:06 of 1st period - Goal by Kyle Okposo - Flyers : 0 - Coyotes : 1.
13:07 of 1st period - Tim Connolly wins face-off versus Jeff Carter in neutral zone.
13:34 of 1st period - Jeff Woywitka is hit by Chad Larose and loses puck.
13:39 of 1st period - Slapshot by Tyler Ennis.
13:39 of 1st period - Stopped by Viktor Fasth with a rebound.
13:41 of 1st period - Wrist shot by Chad Larose.
13:41 of 1st period - Shot Misses the Net.
13:43 of 1st period - Wrist shot by Chad Larose.
13:43 of 1st period - Stopped by Viktor Fasth with a rebound.
13:55 of 1st period - Wrist shot by Mike York.
13:55 of 1st period - Stopped by Marc Denis with a rebound.
14:03 of 1st period - Snap shot by Mike York.
14:03 of 1st period - Stopped by Marc Denis without a rebound.
14:04 of 1st period - Jeff Carter wins face-off versus Tim Connolly in Coyotes zone.
14:20 of 1st period - Off-side.
14:21 of 1st period - Erik Christensen wins face-off versus Kyle Wellwood in neutral zone.
14:34 of 1st period - Wrist shot by Dany Heatley.
14:34 of 1st period - Stopped by Marc Denis without a rebound.
14:35 of 1st period - Jeff Carter wins face-off versus Tim Connolly in Coyotes zone.
15:10 of 1st period - Snap shot by Dany Heatley.
15:10 of 1st period - Shot Misses the Net.
15:12 of 1st period - Wrist shot by Georges Laraque.
15:12 of 1st period - Shot Misses the Net.
15:14 of 1st period - Backhand shot by Georges Laraque.
15:14 of 1st period - Stopped by Marc Denis with a rebound.
15:46 of 1st period - Éric Belanger is hit by Dave Tanabe and loses puck.
16:25 of 1st period - Snap shot by Alexei Morozov.
16:25 of 1st period - Shot Misses the Net.
16:27 of 1st period - Snap shot by Jeff Carter.
16:27 of 1st period - Deflect By Alexei Morozov.
16:27 of 1st period - Stopped by Marc Denis without a rebound.
16:28 of 1st period - Jeff Carter wins face-off versus Tim Connolly in Coyotes zone.
16:57 of 1st period - Snap shot by Mike York.
16:57 of 1st period - Stopped by Marc Denis without a rebound.
16:58 of 1st period - Kyle Wellwood wins face-off versus Tim Connolly in Coyotes zone.
17:07 of 1st period - Wrist shot by Kyle Wellwood.
17:07 of 1st period - Shot Misses the Net.
17:09 of 1st period - Backhand shot by Dave Tanabe.
17:09 of 1st period - Stopped by Marc Denis with a rebound.
17:11 of 1st period - Snap shot by Georges Laraque.
17:11 of 1st period - Stopped by Marc Denis with a rebound.
17:23 of 1st period - Dave Tanabe is hit by Chad Larose and loses puck.
17:44 of 1st period - Sergei Samsonov is hit by Dave Tanabe and loses puck.
17:51 of 1st period - Mike York is hit by Adrian Aucoin and loses puck.
18:12 of 1st period - Wrist shot by Dany Heatley.
18:12 of 1st period - Stopped by Marc Denis without a rebound.
18:13 of 1st period - Tim Connolly wins face-off versus Jeff Carter in Coyotes zone.
18:46 of 1st period - Jeff Woywitka is hit by Erik Christensen.
Goals for this period are 0 for Flyers vs 1 for Coyotes.
Shots for this period are 12 for Flyers vs 7 for Coyotes.

2nd period


0:01 of 2nd period - Tim Connolly wins face-off versus Jeff Carter in neutral zone.
0:08 of 2nd period - Wrist shot by Erik Cole.
0:08 of 2nd period - Stopped by Viktor Fasth without a rebound.
0:09 of 2nd period - Tim Connolly wins face-off versus Jeff Carter in Flyers zone.
0:18 of 2nd period - Slapshot by Marian Gaborik.
0:18 of 2nd period - Stopped by Viktor Fasth without a rebound.
0:19 of 2nd period - Tim Connolly wins face-off versus Jeff Carter in Flyers zone.
0:30 of 2nd period - Wrist shot by Jeff Carter.
0:30 of 2nd period - Shot Misses the Net.
0:32 of 2nd period - Slapshot by Jonathan Ericsson.
0:32 of 2nd period - Deflect By Marian Gaborik.
0:32 of 2nd period - Stopped by Marc Denis without a rebound.
0:33 of 2nd period - Tim Connolly wins face-off versus Jeff Carter in Coyotes zone.
0:54 of 2nd period - Minor Penalty to Erik Cole for Interference.
0:55 of 2nd period - Jeff Carter wins face-off versus Marian Gaborik in Coyotes zone.
1:08 of 2nd period - Snap shot by Patrick Marleau.
1:08 of 2nd period - Stopped by Marc Denis with a rebound.
1:10 of 2nd period - Wrist shot by Jeff Carter.
1:10 of 2nd period - Stopped by Marc Denis with a rebound.
1:20 of 2nd period - Eric Brewer is hit by Kyle Wellwood.
1:44 of 2nd period - Snap shot by Dany Heatley.
1:44 of 2nd period - Stopped by Marc Denis with a rebound.
1:52 of 2nd period - Snap shot by Kyle Wellwood.
1:52 of 2nd period - Shot Blocked by Jan Hlavac.
1:54 of 2nd period - Snap shot by Georges Laraque.
1:54 of 2nd period - Goal by Georges Laraque - Flyers : 1 - Coyotes : 1.
1:55 of 2nd period - Jeff Carter wins face-off versus Erik Christensen in neutral zone.
2:16 of 2nd period - Kyle McLaren is hit by Chad Larose and loses puck.
3:11 of 2nd period - Jan Hlavac is hit by Loui Eriksson and loses puck.
3:59 of 2nd period - Marian Gaborik is hit by Matthew Lombardi and loses puck.
4:34 of 2nd period - Wrist shot by Éric Belanger.
4:34 of 2nd period - Deflect By Dany Heatley.
4:34 of 2nd period - Stopped by Viktor Fasth without a rebound.
4:35 of 2nd period - Sergei Samsonov wins face-off versus Kyle Wellwood in Flyers zone.
5:00 of 2nd period - Snap shot by Tyler Ennis.
5:00 of 2nd period - Stopped by Viktor Fasth without a rebound.
5:01 of 2nd period - Jeff O'Neill wins face-off versus Tim Connolly in Flyers zone.
5:25 of 2nd period - Minor Penalty to Dave Tanabe for Hooking.
5:26 of 2nd period - Tim Connolly wins face-off versus Patrick Marleau in Flyers zone.
5:53 of 2nd period - Off-side.
5:54 of 2nd period - Patrick Marleau wins face-off versus Erik Christensen in neutral zone.
6:09 of 2nd period - Snap shot by Tim Connolly.
6:09 of 2nd period - Stopped by Viktor Fasth without a rebound.
6:10 of 2nd period - Patrick Marleau wins face-off versus Tim Connolly in Flyers zone.
6:43 of 2nd period - Slapshot by Jeff Woywitka.
6:43 of 2nd period - Deflect By Adrian Aucoin.
6:43 of 2nd period - Stopped by Marc Denis without a rebound.
6:44 of 2nd period - Tim Connolly wins face-off versus Dany Heatley in Coyotes zone.
7:19 of 2nd period - Off-side.
7:20 of 2nd period - Patrick Marleau wins face-off versus Tim Connolly in neutral zone.
7:25 of 2nd period - Penalty to Dave Tanabe is over, Dave Tanabe is back on ice.
8:05 of 2nd period - Slapshot by Marian Gaborik.
8:05 of 2nd period - Stopped by Viktor Fasth without a rebound.
8:06 of 2nd period - Jeff O'Neill wins face-off versus Marian Gaborik in Flyers zone.
8:33 of 2nd period - Snap shot by Erik Christensen.
8:33 of 2nd period - Shot Misses the Net.
8:35 of 2nd period - Snap shot by Eric Brewer.
8:35 of 2nd period - Stopped by Viktor Fasth with a rebound.
8:41 of 2nd period - Slapshot by Erik Christensen.
8:41 of 2nd period - Shot Hit the Post.
8:58 of 2nd period - Minor Penalty to Adrian Aucoin for Elbowing.
8:59 of 2nd period - Marian Gaborik wins face-off versus Jeff Carter in Coyotes zone.
9:15 of 2nd period - Wrist shot by Alexei Morozov.
9:15 of 2nd period - Goal by Alexei Morozov - Flyers : 2 - Coyotes : 1.
9:16 of 2nd period - Marian Gaborik wins face-off versus Jeff Carter in neutral zone.
9:21 of 2nd period - Wrist shot by Eric Brewer.
9:21 of 2nd period - Shot Hit the Post.
10:06 of 2nd period - Slapshot by Wade Redden.
10:06 of 2nd period - Stopped by Viktor Fasth without a rebound.
10:07 of 2nd period - Jeff O'Neill wins face-off versus Éric Belanger in Flyers zone.
10:07 of 2nd period - Jeff O'Neill is hit by Adrian Aucoin.
10:21 of 2nd period - Slapshot by Loui Eriksson.
10:21 of 2nd period - Stopped by Marc Denis without a rebound.
10:22 of 2nd period - Jeff Carter wins face-off versus Tim Connolly in Coyotes zone.
10:23 of 2nd period - Wrist shot by Alexei Morozov.
10:23 of 2nd period - Shot Misses the Net.
10:25 of 2nd period - Minor Penalty to Tim Connolly for Holding.
10:26 of 2nd period - Marian Gaborik wins face-off versus Jeff Carter in Coyotes zone.
10:35 of 2nd period - Snap shot by Alexei Morozov.
10:35 of 2nd period - Shot Misses the Net.
10:37 of 2nd period - Wrist shot by Alexei Morozov.
10:37 of 2nd period - Stopped by Marc Denis with a rebound.
10:39 of 2nd period - Slapshot by Patrick Marleau.
10:39 of 2nd period - Shot Misses the Net.
10:41 of 2nd period - Slapshot by Jonathan Ericsson.
10:41 of 2nd period - Goal by Jonathan Ericsson - Flyers : 3 - Coyotes : 1.
10:42 of 2nd period - Jeff Carter wins face-off versus Tim Connolly in neutral zone.
10:55 of 2nd period - Jonathan Ericsson is hit by Marian Gaborik and loses puck.
11:17 of 2nd period - Minor Penalty to Dave Tanabe for Interference.
11:18 of 2nd period - Patrick Marleau wins face-off versus Erik Christensen in Flyers zone.
11:18 of 2nd period - Patrick Marleau is hit by Chad Larose.
13:17 of 2nd period - Penalty to Dave Tanabe is over, Dave Tanabe is back on ice.
13:35 of 2nd period - Backhand shot by Adrian Aucoin.
13:35 of 2nd period - Deflect By Sergei Samsonov.
13:35 of 2nd period - Stopped by Viktor Fasth with a rebound.
13:37 of 2nd period - Snap shot by Adrian Aucoin.
13:37 of 2nd period - Stopped by Viktor Fasth with a rebound.
14:04 of 2nd period - Icing by T.J. Fast.
14:05 of 2nd period - Kyle Wellwood wins face-off versus Éric Belanger in Coyotes zone.
14:10 of 2nd period - Snap shot by Mike York.
14:10 of 2nd period - Shot Blocked by Kyle Okposo.
14:12 of 2nd period - Slapshot by Dave Tanabe.
14:12 of 2nd period - Shot Blocked by Éric Belanger.
14:14 of 2nd period - Wrist shot by Pavel Kubina.
14:14 of 2nd period - Stopped by Marc Denis with a rebound.
14:16 of 2nd period - Snap shot by Kyle Wellwood.
14:16 of 2nd period - Goal by Kyle Wellwood - Flyers : 4 - Coyotes : 1.
14:17 of 2nd period - Jeff Carter wins face-off versus Tim Connolly in neutral zone.
14:26 of 2nd period - Wrist shot by Alexei Morozov.
14:26 of 2nd period - Stopped by Marc Denis without a rebound.
14:27 of 2nd period - Jeff Carter wins face-off versus Tim Connolly in Coyotes zone.
14:28 of 2nd period - Wrist shot by Patrick Marleau.
14:28 of 2nd period - Stopped by Marc Denis with a rebound.
14:30 of 2nd period - Slapshot by Pavel Kubina.
14:30 of 2nd period - Stopped by Marc Denis with a rebound.
14:56 of 2nd period - Snap shot by Jeff Carter.
14:56 of 2nd period - Stopped by Marc Denis with a rebound.
14:58 of 2nd period - Wrist shot by Alexei Morozov.
14:58 of 2nd period - Stopped by Marc Denis with a rebound.
15:00 of 2nd period - Wrist shot by Jeff Carter.
15:00 of 2nd period - Shot Misses the Net.
15:02 of 2nd period - Wrist shot by Pavel Kubina.
15:02 of 2nd period - Deflect By Alexei Morozov.
15:02 of 2nd period - Stopped by Marc Denis with a rebound.
15:10 of 2nd period - Snap shot by Alexei Morozov.
15:10 of 2nd period - Shot Misses the Net.
16:04 of 2nd period - Minor Penalty to Dave Tanabe for Cross-checking.
16:05 of 2nd period - Dany Heatley wins face-off versus Erik Christensen in Flyers zone.
16:15 of 2nd period - Josh Gorges is hit by Jeff O'Neill and loses puck.
18:04 of 2nd period - Penalty to Dave Tanabe is over, Dave Tanabe is back on ice.
Goals for this period are 4 for Flyers vs 0 for Coyotes.
Shots for this period are 18 for Flyers vs 10 for Coyotes.

3rd period


0:01 of 3rd period - Tim Connolly wins face-off versus Jeff Carter in neutral zone.
0:26 of 3rd period - Josh Gorges is hit by Jeff Woywitka and loses puck.
0:45 of 3rd period - Snap shot by Éric Belanger.
0:45 of 3rd period - Shot Misses the Net.
0:47 of 3rd period - Snap shot by Éric Belanger.
0:47 of 3rd period - Shot Misses the Net.
0:49 of 3rd period - Wrist shot by Éric Belanger.
0:49 of 3rd period - Shot Blocked by Kyle McLaren.
0:51 of 3rd period - Snap shot by Kyle Okposo.
0:51 of 3rd period - Stopped by Viktor Fasth without a rebound.
0:52 of 3rd period - Jeff Carter wins face-off versus Tim Connolly in Flyers zone.
0:54 of 3rd period - Icing by Patrick Marleau.
0:55 of 3rd period - Tim Connolly wins face-off versus Jeff Carter in Flyers zone.
0:58 of 3rd period - Snap shot by Tim Connolly.
0:58 of 3rd period - Stopped by Viktor Fasth without a rebound.
0:59 of 3rd period - Jeff Carter wins face-off versus Erik Cole in Flyers zone.
0:59 of 3rd period - Jeff Carter is hit by Erik Cole.
1:02 of 3rd period - Icing by Patrick Marleau.
1:03 of 3rd period - Jeff Carter wins face-off versus Tim Connolly in Flyers zone.
1:28 of 3rd period - Kyle Wellwood is hit by Chad Larose and loses puck.
1:33 of 3rd period - Wrist shot by Erik Christensen.
1:33 of 3rd period - Stopped by Viktor Fasth with a rebound.
1:35 of 3rd period - Slapshot by Wade Redden.
1:35 of 3rd period - Shot Blocked by Georges Laraque.
1:37 of 3rd period - Snap shot by Chad Larose.
1:37 of 3rd period - Shot Blocked by Jonathan Ericsson.
2:20 of 3rd period - Snap shot by Matthew Lombardi.
2:20 of 3rd period - Deflect By Patrick Marleau.
2:20 of 3rd period - Stopped by Marc Denis with a rebound.
2:37 of 3rd period - Anton Stralman is hit by Kyle Wellwood and loses puck.
3:30 of 3rd period - Wrist shot by Jeff Carter.
3:30 of 3rd period - Stopped by Marc Denis with a rebound.
3:40 of 3rd period - Slapshot by Anton Stralman.
3:40 of 3rd period - Shot Blocked by Kyle Wellwood.
3:42 of 3rd period - Wrist shot by Chad Larose.
3:42 of 3rd period - Shot Misses the Net.
4:01 of 3rd period - Kyle McLaren is hit by Adrian Aucoin.
4:17 of 3rd period - Minor Penalty to Eric Brewer for Hooking.
4:18 of 3rd period - Marian Gaborik wins face-off versus Jeff Carter in Coyotes zone.
4:28 of 3rd period - Off-side.
4:29 of 3rd period - Marian Gaborik wins face-off versus Jeff Carter in neutral zone.
5:02 of 3rd period - Wrist shot by Kyle Wellwood.
5:02 of 3rd period - Shot Misses the Net.
5:04 of 3rd period - Snap shot by Georges Laraque.
5:04 of 3rd period - Goal by Georges Laraque - Flyers : 5 - Coyotes : 1.
5:05 of 3rd period - Erik Christensen wins face-off versus Jeff Carter in neutral zone.
5:07 of 3rd period - Adrian Aucoin and Jonathan Ericsson fight to a draw.
5:07 of 3rd period - Penalty to Adrian Aucoin for Fighting.
5:07 of 3rd period - Penalty to Jonathan Ericsson for Fighting.
5:08 of 3rd period - Jeff Carter wins face-off versus Tim Connolly in Flyers zone.
5:20 of 3rd period - Snap shot by Alexei Morozov.
5:20 of 3rd period - Shot Misses the Net.
5:22 of 3rd period - Snap shot by Alexei Morozov.
5:22 of 3rd period - Shot Misses the Net.
5:24 of 3rd period - Slapshot by Jeff Woywitka.
5:24 of 3rd period - Deflect By Jeff Carter.
5:24 of 3rd period - Goal by Jeff Carter - Flyers : 6 - Coyotes : 1.
5:25 of 3rd period - Marian Gaborik wins face-off versus Jeff Carter in neutral zone.
5:27 of 3rd period - Erik Cole is hit by Jeff Woywitka and loses puck.
5:36 of 3rd period - Wrist shot by Tim Connolly.
5:36 of 3rd period - Goal by Tim Connolly - Flyers : 6 - Coyotes : 2.
5:37 of 3rd period - Tim Connolly wins face-off versus Jeff Carter in neutral zone.
5:50 of 3rd period - Snap shot by Alexei Morozov.
5:50 of 3rd period - Stopped by Marc Denis with a rebound.
6:02 of 3rd period - Tyler Ennis is hit by Dany Heatley and loses puck.
6:11 of 3rd period - Snap shot by Chad Larose.
6:11 of 3rd period - Shot Misses the Net.
6:22 of 3rd period - Off-side.
6:23 of 3rd period - Éric Belanger wins face-off versus Jeff O'Neill in neutral zone.
6:25 of 3rd period - Off-side.
6:26 of 3rd period - Jeff O'Neill wins face-off versus Éric Belanger in neutral zone.
6:39 of 3rd period - Wrist shot by Sergei Samsonov.
6:39 of 3rd period - Shot Misses the Net.
6:41 of 3rd period - Wrist shot by Sergei Samsonov.
6:41 of 3rd period - Stopped by Viktor Fasth without a rebound.
6:42 of 3rd period - Jeff Carter wins face-off versus Tim Connolly in Flyers zone.
6:42 of 3rd period - Jeff Carter is hit by Erik Cole.
7:42 of 3rd period - Mike York is hit by Éric Belanger and loses puck.
8:01 of 3rd period - Slapshot by Wade Redden.
8:01 of 3rd period - Stopped by Viktor Fasth without a rebound.
8:02 of 3rd period - Kyle Wellwood wins face-off versus Erik Christensen in Flyers zone.
8:02 of 3rd period - Kyle Wellwood is hit by Eric Brewer.
8:14 of 3rd period - Snap shot by Tyler Ennis.
8:14 of 3rd period - Shot Misses the Net.
8:16 of 3rd period - Snap shot by Erik Christensen.
8:16 of 3rd period - Shot Misses the Net.
8:18 of 3rd period - Slapshot by Eric Brewer.
8:18 of 3rd period - Shot Blocked by Jeff Woywitka.
9:27 of 3rd period - Wrist shot by Jeff Carter.
9:27 of 3rd period - Goal by Jeff Carter - Flyers : 7 - Coyotes : 2.
9:28 of 3rd period - Tim Connolly wins face-off versus Jeff Carter in neutral zone.
10:20 of 3rd period - Kyle Wellwood is hit by Sergei Samsonov and loses puck.
10:24 of 3rd period - Éric Belanger and Dave Tanabe fight to a draw.
10:24 of 3rd period - Penalty to Éric Belanger for Fighting.
10:24 of 3rd period - Penalty to Dave Tanabe for Fighting.
10:25 of 3rd period - Jeff Carter wins face-off versus Tim Connolly in Flyers zone.
10:29 of 3rd period - Wade Redden and Jeff Woywitka fight to a draw.
10:29 of 3rd period - Penalty to Wade Redden for Fighting.
10:29 of 3rd period - Penalty to Jeff Woywitka for Fighting.
10:30 of 3rd period - Jeff Carter wins face-off versus Tim Connolly in Coyotes zone.
11:20 of 3rd period - Jeff O'Neill is hit by Kyle Okposo and loses puck.
11:49 of 3rd period - Tim Connolly is hit by Patrick Marleau and loses puck.
11:56 of 3rd period - Snap shot by Erik Cole.
11:56 of 3rd period - Stopped by Viktor Fasth without a rebound.
11:57 of 3rd period - Kyle Wellwood wins face-off versus Erik Christensen in Flyers zone.
12:13 of 3rd period - Minor Penalty to Georges Laraque for Holding Stick.
12:14 of 3rd period - Patrick Marleau wins face-off versus Tim Connolly in Flyers zone.
12:14 of 3rd period - Patrick Marleau is hit by Anton Stralman.
12:29 of 3rd period - Snap shot by Anton Stralman.
12:29 of 3rd period - Shot Blocked by Kyle McLaren.
12:39 of 3rd period - Erik Christensen is hit by Jonathan Ericsson and loses puck.
14:13 of 3rd period - Penalty to Georges Laraque is over, Georges Laraque is back on ice.
14:24 of 3rd period - Wrist shot by Cory Sarich.
14:24 of 3rd period - Deflect By Kyle Okposo.
14:24 of 3rd period - Stopped by Marc Denis without a rebound.
14:25 of 3rd period - Jeff O'Neill wins face-off versus Jan Hlavac in Coyotes zone.
14:59 of 3rd period - Snap shot by Sergei Samsonov.
14:59 of 3rd period - Deflect By Rostislav Olesz.
14:59 of 3rd period - Shot Misses the Net.
14:59 of 3rd period - Puck is out of play.
15:00 of 3rd period - Matthew Lombardi wins face-off versus Tim Connolly in Flyers zone.
15:05 of 3rd period - Josh Gorges is hit by Patrick Marleau and loses puck.
15:25 of 3rd period - Jonathan Ericsson is hit by Tyler Ennis and loses puck.
16:01 of 3rd period - Snap shot by Dave Tanabe.
16:01 of 3rd period - Stopped by Marc Denis without a rebound.
16:02 of 3rd period - Kyle Wellwood wins face-off versus Marian Gaborik in Coyotes zone.
16:17 of 3rd period - Slapshot by Marian Gaborik.
16:17 of 3rd period - Stopped by Viktor Fasth with a rebound.
16:24 of 3rd period - Icing by Jeff Woywitka.
16:25 of 3rd period - Kyle Wellwood wins face-off versus Erik Christensen in Flyers zone.
16:29 of 3rd period - Off-side.
16:30 of 3rd period - Jeff O'Neill wins face-off versus Erik Christensen in neutral zone.
17:17 of 3rd period - Éric Belanger is hit by Georges Laraque and loses puck.
18:23 of 3rd period - Pavel Kubina is hit by Sergei Samsonov and loses puck.
18:38 of 3rd period - Wrist shot by Erik Christensen.
18:38 of 3rd period - Stopped by Viktor Fasth without a rebound.
18:39 of 3rd period - Jeff O'Neill wins face-off versus Erik Christensen in Flyers zone.
18:39 of 3rd period - Jeff O'Neill is hit by Eric Brewer.
19:00 of 3rd period - Eric Brewer and Jeff O'Neill fight to a draw.
19:00 of 3rd period - Penalty to Eric Brewer for Fighting.
19:00 of 3rd period - Penalty to Jeff O'Neill for Fighting.
19:01 of 3rd period - Tim Connolly wins face-off versus Patrick Marleau in Coyotes zone.
19:35 of 3rd period - Wrist shot by Erik Christensen.
19:35 of 3rd period - Shot Misses the Net.
19:47 of 3rd period - Adrian Aucoin is hit by Jonathan Ericsson and loses puck.
Goals for this period are 3 for Flyers vs 1 for Coyotes.
Shots for this period are 8 for Flyers vs 9 for Coyotes.